 Dungeon Crawl Stone Soup version 0.24.0-2-g5b39cebb1c (webtiles) character file.

Game seed: 11240670534014932357, levelgen mode: deterministic

95 Mrkan the Chopper (level 4, -3/40 HPs)
             Began as a Hill Orc Fighter on Oct 31, 2019.
             Was an Initiate of Qazlal.
             Killed from afar by an orc wizard (8 damage)
             ... with a puff of flame
             ... on level 3 of the Dungeon.
             The game lasted 00:05:21 (2406 turns).

Mrkan the Chopper (Hill Orc Fighter)                Turns: 2406, Time: 00:05:21

Health: -3/40      AC:  7    Str: 18    XL:     4   Next: 66%
Magic:  4/4        EV:  7    Int:  8    God:    Qazlal [......]
Gold:   188        SH:  9    Dex: 11    Spells: 3/3 levels left

rFire    . . .     SeeInvis .   a - +0 war axe
rCold    . . .     Gourm    .   c - +0 shield
rNeg     . . .     Faith    .   b - +0 scale mail
rPois    .         Spirit   .   (no helmet)
rElec    .         Reflect  .   (no cloak)
rCorr    .         Harm     .   (no gloves)
MR       .....                  (no boots)
Stlth    ..........             (no amulet)
HPRegen  0.13/turn              (no ring)
MPRegen  0.09/turn              (no ring)

@: hasted, very quick
A: no striking features
a: Renounce Religion


You were on level 3 of the Dungeon.
You worshipped Qazlal.
Qazlal was noncommittal.
You were not hungry.

You visited 1 branch of the dungeon, and saw 3 of its levels.

You collected 188 gold pieces.

Inventory:

Hand Weapons
 a - a +0 war axe (weapon)
Armour
 b - a +0 scale mail (worn)
 c - a +0 shield (worn)
Jewellery
 l - an uncursed amulet of regeneration {unknown}
Scrolls
 g - 3 scrolls of remove curse {unknown}
 i - 3 scrolls of teleportation {unknown}
 j - 5 scrolls of identify {unknown}
 m - 2 scrolls of random uselessness {unknown}
 n - a scroll of enchant armour {unknown}
 o - a scroll of amnesia {unknown}
Potions
 d - a potion of might
 e - 2 potions of haste
 k - a potion of curing
 p - 2 potions of heal wounds {unknown}
Comestibles
 f - 5 rations


   Skills:
 + Level 4.2 Fighting
 * Level 4.5 Axes
 + Level 3.8 Armour
 + Level 3.8 Shields
 + Level 0.5 Invocations


You had 3 spell levels left.
You didn't know any spells.
Your spell library contained the following spells:

 Spells                   Type           Power        Failure   Level  Hunger
 Magic Dart               Conj           #...         99%         1    ##.....
 Blink                    Tloc           N/A          100%        2    ###....
 Call Imp                 Summ           #.......     100%        2    ###....
 Slow                     Hex            #.......     100%        2    ###....
 Conjure Flame            Conj/Fire      #.......     100%        3    ####...
 Mephitic Cloud           Conj/Pois/Air  #.......     100%        3    ####...


Dungeon Overview and Level Annotations

Branches:
Dungeon (3/15)

Altars:
Ashenzari
Gozag
Kikubaaqudgha
Qazlal
Ru
Vehumet
Wu Jian


Message History

The orc wizard gestures at you while chanting.
You resist with some effort.
You miss the orc wizard.
The orc wizard is lightly wounded.
The orc wizard mumbles some strange words.
The orc wizard flickers and vanishes!
Deactivating autopickup; reactivate with Ctrl-A.
You block the orc's attack.
Your shield and scale mail prevent you from hitting something.
Something hits you but does no damage.
The orc hits you from afar with a +0 trident.
* * * LOW HITPOINT WARNING * * *
You closely miss something. Something hits you but does no damage.
The orc hits you from afar with a +0 trident.
* * * LOW HITPOINT WARNING * * *
You closely miss something.
You hear some strange, mumbled words.
A puff of flame appears from out of thin air!
The puff of flame hits you!
You die... #.# #.... ).# #.# #.... #####.##### #.# #.... ......... #.# #.... ....... #.# #.... ..... #.# #.... oo.

#.# #.... #{# #.# #....
#@# #.# ###.. #.# #.#
#..
######.########.#####..
........................
###########.####.######.
#.# #.# #. #.# #.# #.
#.# #.# #. #.# #.# #.


You could see 2 orcs.

Vanquished Creatures
  2 adders (D:3)
  An ooze (D:1)
  2 worms (D:2)
  A dart slug (D:3)
  A leopard gecko (D:2)
  2 orcs (D:3)
  4 giant cockroaches
  11 goblins
  10 hobgoblins
  6 kobolds
  2 quokkas
  2 ball pythons
  2 bats
  8 frilled lizards
  6 rats
60 creatures vanquished.

Notes
Turn   | Place    | Note
-------+----------+-------------------------------------------
     0 | D:1      | Mrkan the Hill Orc Fighter began the quest for the Orb.
     0 | D:1      | Reached XP level 1. HP: 19/19 MP: 1/1
   126 | D:1      | Reached XP level 2. HP: 25/27 MP: 2/2
   516 | D:2      | Reached XP level 3. HP: 33/33 MP: 3/3
   583 | D:2      | Found an ancient bone altar of Kikubaaqudgha.
   999 | D:2      | Found an ornate altar of the Wu Jian Council.
  1000 | D:2      | Found a stormy altar of Qazlal.
  1000 | D:2      | Found an opulent altar of Gozag.
  1003 | D:2      | Found a radiant altar of Vehumet.
  1006 | D:2      | Found a shattered altar of Ashenzari.
  1009 | D:2      | Became a worshipper of Qazlal Stormbringer
  1111 | D:2      | Reached XP level 4. HP: 40/40 MP: 4/4
  1641 | D:3      | Found a sacrificial altar of Ru.
  2406 | D:3      | Killed from afar by an orc wizard

Levels and vault maps discovered:
D:1:      minmay_arrival_nine_rooms, layout_rooms, hangedman_glass_garden
D:2:      cheibrodos_greedy_goblins, layout_basic, minitemple,
          overflow_temple_1_default
D:3:      layout_basic, nicolae_overflow_crystal_walls

Skill      XL: |  1  2  3 |
---------------+----------+-----
Axes           | 3 4 |  4.5
Fighting       | 4 |  4.2
Armour         | |  3.8
Shields        | |  3.8
Invocations    | |  0.5

Action                   |  1- 3 |  4- 6 || total
-------------------------+-------+-------++-------
Melee: War axe           |   124 |   104 ||   228
  Use: Potion            |       |     2 ||     2
  Eat: Chunk             |     1 |     2 ||     3
       Ration            |       |     1 ||     1
Armor: Scale mail        |    41 |    44 ||    85
Dodge: Dodged            |    30 |    31 ||    61
Block: Shield            |    68 |    55 ||   123
